 Dungeon Crawl Stone Soup version 0.18.1-5-g4a78601 (webtiles) character file.

9775 M4edhros the Covert (level 11, -14/75 HPs)
             Began as an Octopode Artificer on May 13, 2016.
             Was an Elder of Dithmenos.
             Demolished by a hill giant
             ... wielding a +0 giant club
              (27 damage)
             ... on level 11 of the Dungeon.
             The game lasted 00:24:23 (14065 turns).

M4edhros the Covert (Octopode Artificer)           Turns: 14065, Time: 00:24:24

Health: -14/75     AC:  6    Str: 11    XL:     11   Next: 51%
Magic:  22/22      EV: 16    Int: 19    God:    Dithmenos [****..]
Gold:   585        SH:  3    Dex: 14    Spells: 0 memorised, 10 levels left

rFire  . . .     SeeInvis .     j - +3 scythe (protect)
rCold  . . .     Gourm    .     (shield currently unavailable)
rNeg   . . .     Faith    .     (helmet restricted)
rPois  .         Spirit   .     B - +3 amulet of reflection
rElec  .         Dismiss  .     s - ring of magical power
rCorr  .         Reflect  +     z - +5 ring of intelligence
SustAt .         Harm     .     E - +2 ring of slaying
MR     .....     Clarity  +     (no ring)
Stlth  ++++++++++               (no ring)
                                (no ring)
                                (no ring)
                                (no ring)

@: wreathed by umbra, not resistant to hostile enchantments, uncannily stealthy
A: almost no armour, amphibious, 8 rings, constrict 8, camouflage 1, clarity,
clumsy 1, gelatinous body 1
a: Shadow Step, Renounce Religion


You were on level 11 of the Dungeon.
You worshipped Dithmenos.
Dithmenos was greatly pleased with you.
You were not hungry.

You visited 1 branch of the dungeon, and saw 11 of its levels.

You collected 585 gold pieces.

Inventory:

Hand Weapons
 j - a +3 scythe of protection (weapon)
 p - a +0 hunting sling
 v - a +0 rapier of draining
 M - a -3 blowgun
Missiles
 r - 2 curare-tipped needles
 A - 77 sling bullets
Jewellery
 s - a ring of magical power (left tentacle)
 z - a +5 ring of intelligence (right tentacle)
 B - a +3 amulet of reflection (around mantle)
 E - a +2 ring of slaying (on tentacle)
Wands
 F - a wand of digging (10/24)
Scrolls
 c - 4 scrolls of identify
 g - 3 scrolls of remove curse
 i - a scroll of teleportation
 k - 4 scrolls of magic mapping
 m - a scroll of noise {unknown}
 u - 2 scrolls of fear
 w - 3 scrolls of recharging
 x - 4 scrolls of blinking {unknown}
 C - a scroll of amnesia {unknown}
 D - a scroll of enchant armour
 I - 2 scrolls of fog
 K - a scroll of silence
Potions
 e - 2 potions of flight
 n - a potion of invisibility
 H - a potion of magic
 J - a potion of brilliance
Books
 b - a book of Summonings

   Spells                             Type                      Level
   a - Recall                         Summoning/Translocation      3
   b - Aura of Abjuration             Summoning                    5
   c - Summon Demon                   Summoning                    5
   d - Summon Forest                  Summoning/Translocation      5
   e - Summon Mana Viper              Hexes/Summoning              5
   f - Shadow Creatures               Summoning                    6
Miscellaneous
 o - a phantom mirror
 L - a crystal ball of energy
Comestibles
 f - 8 bread rations
 t - 5 fruits
 G - 2 beef jerkies


   Skills:
 + Level 7.5 Fighting
 - Level 1.0 Short Blades
 * Level 8.6 Polearms
 + Level 8.0 Dodging
 + Level 13.2 Stealth
 - Level 5.8 Unarmed Combat
 - Level 3.2 Evocations


You had 10 spell levels left.
You didn't know any spells.

Dungeon Overview and Level Annotations

Branches:
Dungeon (11/15)            Temple (0/1) D:7            Lair (0/8) D:9
    Orc: D:9-12

Altars:
Dithmenos
Fedhas
Gozag
Qazlal
Ru
Trog
Vehumet
Xom

Shops:
D:6 =

Annotations:
D:9 M4edhros's ghost, novice OpAr


Innate Abilities, Weirdness & Mutations

You cannot wear most types of armour.
You are amphibious.
You can wear up to eight rings at the same time.
You can use your tentacles to constrict eight enemies at once.
Your skin changes colour to match your surroundings (Stealth).
Your rubbery body absorbs attacks (AC +1).
You possess an exceptional clarity of mind.
You are clumsy. (Dex -2)


Message History

You barely miss the hill giant. Your squeeze misses the hill giant.
The hill giant is severely wounded.
The hill giant hits you with a giant club!
The hill giant completely misses you.
You slash the hill giant!
The hill giant is almost dead.
The hill giant hits you with a giant club!!
* * * LOW HITPOINT WARNING * * *
You see here a hippogriff corpse.
Drink which item? (? for menu, Esc to quit)
Okay, then.
Evoke which item? (* to show all) (? for menu, Esc to quit)
Okay, then.
Okay, then.
Read which item? (? for menu, Esc to quit)
As you read the scroll of fear, it crumbles to dust.
You assume a fearsome visage.
The hill giant resists with some effort.
The hill giant hits you with a giant club!!
You die...

... #..
#####..
.......##
#..#
######†###
#.....<..#
#.C###.#.#
#.@.##.#.#
+.........#
#
####...#.##
#..##.#
#......
#####. #


You could see a hill giant.

Vanquished Creatures
  Joseph (D:7)
  2 hill giants (D:10)
  A deep elf mage (D:10)
  An elephant (D:9)
  2 trolls
  Prince Ribbit (D:7)
  Sigmund (D:4)
  A spriggan (D:7)
  4 yaks (D:9)
  A hungry ghost (D:10)
  A hippogriff (D:11)
  Eustachio (D:4)
  6 orc warriors
  4 sky beasts
  A wasp (D:10)
  An ice beast (D:8)
  3 phantoms
  A black bear (D:8)
  A necrophage (D:10)
  2 eyes of draining (D:6)
  3 ogres
  4 centaurs
  A crocodile (D:9)
  A big kobold (D:10)
  Blork the orc (D:4)
  3 giant frogs
  3 scorpions
  4 killer bees (D:8)
  7 howler monkeys
  4 wights (D:9)
  A centaur zombie (D:9)
  4 crimson imps
  6 orc priests
  13 hounds
  2 jellies
  4 orc wizards
  3 centaur skeletons
  3 iguanas
  Terence (D:2)
  Natasha (twice) (D:2)
  5 worker ants
  A sheep (D:9)
  2 worker ant zombies (D:10)
  4 gnolls
  12 adders
  2 shadow imps
  An ooze (D:1)
  5 adder skeletons
  An adder zombie (D:10)
  A worm (D:2)
  6 dart slugs
  7 giant geckos
  43 orcs
  5 bats
  13 giant cockroaches
  6 goblins
  7 hobgoblins
  10 jackals
  6 quokkas
  2 ball pythons
  2 giant newts
  14 kobolds
  A quokka zombie (D:8)
  8 rats
270 creatures vanquished.

Vanquished Creatures (collateral kills)
  The ghost of Jorlmund the Magician, a novice OpWz of Vehumet (D:7)
  A queen bee (D:8)
  A wasp (D:7)
  A centaur (D:5)
  A scorpion (D:7)
  2 killer bees (D:8)
  A crimson imp (D:5)
  A worker ant zombie (D:5)
  An orc (D:4)
  A ball python (D:5)
  A giant newt (D:5)
12 creatures vanquished.

Vanquished Creatures (others)
  2 killer bees (D:8)
  An adder (D:2)
  A plant (D:8)
4 creatures vanquished.

Grand Total: 286 creatures vanquished

Notes
Turn   | Place    | Note
--------------------------------------------------------------
     0 | D:1      | M4edhros the Octopode Artificer began the quest for the Orb.
     0 | D:1      | Reached XP level 1. HP: 13/13 MP: 3/3
    45 | D:1      | You fall through a shaft!
    60 | D:2      | Reached skill level 2 in Stealth
   278 | D:2      | Reached XP level 2. HP: 18/18 MP: 4/4
   281 | D:2      | Reached skill level 3 in Stealth
   477 | D:4      | Noticed Sigmund
   507 | D:4      | Killed Sigmund
   507 | D:4      | Reached skill level 7 in Stealth
   507 | D:4      | Reached XP level 3. HP: 16/23 MP: 5/5
   507 | D:4      | Reached XP level 4. HP: 20/28 MP: 6/6
   507 | D:4      | Reached XP level 5. HP: 24/33 MP: 7/7
   713 | D:4      | Noticed a phantom
   730 | D:4      | Killed a phantom
   730 | D:4      | Reached skill level 8 in Stealth
   730 | D:4      | Reached XP level 6. HP: 13/38 MP: 8/8
  1047 | D:4      | Noticed Blork the orc
  1056 | D:4      | Killed Blork the orc
  1056 | D:4      | Reached skill level 1 in Unarmed Combat
  1071 | D:4      | Reached skill level 9 in Stealth
  1107 | D:4      | Noticed Eustachio
  1112 | D:4      | Killed Eustachio
  1112 | D:4      | Reached XP level 7. HP: 45/45 MP: 9/9
  2503 | D:5      | Entered Level 5 of the Dungeon
  2653 | D:5      | Reached XP level 8. HP: 26/51 MP: 10/10
  3422 | D:5      | Reached skill level 10 in Stealth
  3878 | D:6      | Gained mutation: Your spells are a little harder to cast, but a little more powerful. [mutagenic meat]
  3879 | D:6      | Gained mutation: You are partially covered in thin metallic scales (AC +2). [mutagenic meat]
  3951 | D:6      | Lost mutation: Your spells are a little harder to cast, but a little more powerful. [potion of cure mutation]
  3951 | D:6      | Lost mutation: You are partially covered in thin metallic scales (AC +2). [potion of cure mutation]
  3961 | D:6      | Reached skill level 5 in Unarmed Combat
  3979 | D:6      | Found a shadowy altar of Dithmenos.
  3989 | D:6      | Gained mutation: Your body sometimes deteriorates upon taking damage. [mutagenic meat]
  3990 | D:6      | Gained mutation: You possess an exceptional clarity of mind. [mutagenic meat]
  3991 | D:6      | Gained mutation: You are resistant to hostile enchantments. [mutagenic meat]
  3992 | D:6      | Gained mutation: You are dopey. (Int -2) [mutagenic meat]
  3998 | D:6      | Became a worshipper of Dithmenos the Shadowed
  4141 | D:3      | Found an opulent altar of Gozag.
  4971 | D:2      | Noticed Terence
  4983 | D:2      | Killed Terence
  4983 | D:2      | Reached XP level 9. HP: 32/58 MP: 11/11
  5477 | D:2      | Noticed Natasha
  5483 | D:2      | Killed Natasha
  5543 | D:2      | Noticed Natasha
  5549 | D:2      | Killed Natasha
  5630 | D:1      | Reached * piety under Dithmenos
  6446 | D:6      | Reached skill level 1 in Polearms
  6553 | D:6      | Found Dusow's Jewellery Boutique.
  6574 | D:6      | Found a bloodstained altar of Trog.
  6585 | D:6      | Reached ** piety under Dithmenos
  6589 | D:6      | Reached skill level 5 in Dodging
  6778 | D:7      | Found a staircase to the Ecumenical Temple.
  6783 | D:7      | Noticed Prince Ribbit
  6787 | D:7      | Killed Prince Ribbit
  6927 | D:7      | Noticed Joseph
  6931 | D:7      | Noticed Jorlmund's ghost (novice OpWz)
  6948 | D:7      | Killed Jorlmund's ghost
  6948 | D:7      | Reached skill level 5 in Fighting
  6954 | D:7      | Reached skill level 11 in Stealth
  6959 | D:7      | Your ally died
  7639 | D:8      | Found a shimmering altar of Xom.
  7649 | D:8      | Found a sacrificial altar of Ru.
  7713 | D:8      | Noticed a queen bee
  7762 | D:8      | Killed a queen bee
  7762 | D:8      | Reached skill level 5 in Polearms
  7762 | D:8      | Reached XP level 10. HP: 36/67 MP: 12/12
  8254 | D:8      | Found a stormy altar of Qazlal.
  8307 | D:8      | Found a blossoming altar of Fedhas.
  9444 | D:9      | Reached *** piety under Dithmenos
  9702 | D:9      | Reached skill level 12 in Stealth
  9979 | D:9      | Found a staircase to the Lair.
  9979 | D:9      | Noticed an elephant
 10013 | D:9      | Noticed M4edhros's ghost (novice OpAr)
 10031 | D:9      | Found a radiant altar of Vehumet.
 10098 | D:10     | Entered Level 10 of the Dungeon
 11496 | D:10     | Noticed a hill giant
 11508 | D:10     | Killed a hill giant
 11508 | D:10     | Reached XP level 11. HP: 64/74 MP: 13/13
 11523 | D:10     | Noticed a hill giant
 11610 | D:10     | Reached **** piety under Dithmenos
 13335 | D:10     | Noticed a hill giant
 13552 | D:10     | Noticed a deep elf mage
 13563 | D:10     | Killed a deep elf mage
 13563 | D:10     | Reached skill level 13 in Stealth
 13584 | D:10     | Lost mutation: You are dopey. (Int -2) [mutagenic meat]
 13585 | D:10     | Gained mutation: Your body often deteriorates upon taking damage. [mutagenic meat]
 13586 | D:10     | Gained mutation: You are clumsy. (Dex -2) [mutagenic meat]
 13587 | D:10     | Lost mutation: Your body often deteriorates upon taking damage. [potion of cure mutation]
 13587 | D:10     | Lost mutation: Your body sometimes deteriorates upon taking damage. [potion of cure mutation]
 13587 | D:10     | Lost mutation: You are resistant to hostile enchantments. [potion of cure mutation]
 13845 | D:10     | Killed a hill giant
 14001 | D:11     | Noticed a hill giant
 14065 | D:11     | Demolished by a hill giant

Skill      XL: |  1  2  3  4  5  6  7  8  9 10 11 |
---------------+----------------------------------+-----
Stealth        | 2 7 8 9 10 11 12 13 | 13.2
Unarmed Combat | 2 3 5 |  5.8
Fighting       | 2 4 5 6 7 |  7.5
Dodging        | 3 4 6 7 8 |  8.0
Polearms       | 5 7 8 |  8.6
Short Blades   | |  1.0
Evocations     | |  3.2

Action                   |  1- 3 |  4- 6 |  7- 9 | 10-12 || total
-------------------------+-------+-------+-------+-------++-------
Melee: Short sword       |    21 |       |     1 |       ||    22
       Constrict         |     6 |     3 |    66 |    36 ||   111
       Tentacles         |     3 |     2 |    46 |    54 ||   105
       Unarmed           |    11 |       |    13 |    43 ||    67
       Scythe            |       |    26 |   309 |   323 ||   658
       Punch             |       |       |     6 |    13 ||    19
 Fire: Blowgun           |       |       |       |     1 ||     1
Evoke: Wand              |     8 |     5 |    14 |     8 ||    35
  Use: Potion            |     2 |       |    10 |     6 ||    18
       Scroll            |     1 |       |     5 |    13 ||    19
 Stab: Sleeping          |     4 |     4 |    48 |    18 ||    74
       Distracted        |       |     1 |     4 |     2 ||     7
       Invisible         |       |       |     1 |       ||     1
       Betrayed ally     |       |       |     1 |       ||     1
  Eat: Chunk             |       |     1 |    28 |    13 ||    42
       Bread ration      |       |       |       |     3 ||     3
       Meat ration       |       |       |       |     1 ||     1
       Fruit             |       |       |       |     1 ||     1
       Pizza             |       |       |       |     1 ||     1
Armor: Skin              |    14 |    11 |    79 |   137 ||   241
Dodge: Dodged            |    10 |    12 |   330 |   426 ||   778
Block: Other             |       |       |       |    17 ||    17
